| TOP OF THE 1ST |
|
Quad Cities River Bandits batting - Pitching for Greenville Drive : LHP Will Sledge
|
|
Pitching: LHP Will Sledge
|
|
|
Batting: RHB Ben Hoffman
|
0-0: Ball 1-0: Ball 2-0: Ball 3-0: Base on Balls
|
|
Batting: RHB Colin Cranford
|
Pickoff Throw to First - Error! E1 Ben Hoffman to second 0-0: Called Strike 0-1: DOUBLE (Flyball, 8RXD, EV 108.1 MPH) Ben Hoffman scores
|
|
Batting: LHB Angelo Vasquez
|
0-0: Called Strike Colin Cranford steals 3rd base 0-1: Foul Ball, location: 2F 0-2: Ball 1-2: Fly out, F8 (Flyball, 8RD, EV 78.1 MPH) Runner from 3rd tags up, SCORES, throw by CF
|
|
Batting: RHB Joe Cook
|
0-0: Swinging Strike 0-1: Called Strike 0-2: Foul Ball, location: 2F 0-2: Ball 1-2: Strikes out swinging
|
|
Batting: RHB Steve Moore
|
0-0: Ball 1-0: Called Strike 1-1: Foul Ball, location: 2F 1-2: Hit by Pitch
|
|
Batting: SHB Chris Keziah
|
0-0: Ball 1-0: Called Strike 1-1: Ball 2-1: Ball 3-1: Ground out 1-3 (Groundball, 13S, EV 60.6 MPH)
|
| Top of the 1st over - 2 runs, 1 hit, 1 error, 1 left on base; Quad Cities 2 - Greenville 0 |
| BOTTOM OF THE 1ST |
|
Greenville Drive batting - Pitching for Quad Cities River Bandits : LHP Jimmy Edlin
|
|
Pitching: LHP Jimmy Edlin
|
|
|
Batting: LHB Sergio Tinoco
|
0-0: Swinging Strike 0-1: Foul Ball, location: 2F 0-2: Reached on error, E5 (Groundball, 56, EV 98.1 MPH)
|
|
Batting: RHB John Chiesa
|
0-0: Ball 1-0: Ball 2-0: Fielders Choice at 2nd, 5-4 (Groundball, 5, EV 86.9 MPH)
|
|
Batting: RHB Adugna Chandu
|
0-0: Called Strike 0-1: Ball 1-1: Ball John Chiesa steals 2nd base 2-1: Ball 3-1: Called Strike 3-2: Base on Balls
|
|
Batting: RHB Devon Fourcade
|
0-0: Ball 1-0: Swinging Strike 1-1: Ball 2-1: Called Strike 2-2: DOUBLE (Flyball, 7LD, EV 109.4 MPH) John Chiesa scores Adugna Chandu to third Runner from 3rd tries for Home, SAFE, no throw by LF
|
|
Batting: RHB Paul Long
|
0-0: Ball 1-0: Called Strike 1-1: Ground out 1-3 (Groundball, 13S, EV 70.6 MPH) Devon Fourcade to third
|
|
Batting: RHB Dan Friess
|
0-0: Ground out 3-1 (Groundball, 34S, EV 83.1 MPH)
|
| Bottom of the 1st over - 2 runs, 1 hit, 1 error, 1 left on base; Quad Cities 2 - Greenville 2 |
| TOP OF THE 2ND |
|
Quad Cities River Bandits batting - Pitching for Greenville Drive : LHP Will Sledge
|
|
Batting: LHB Kelvin Jones
|
0-0: Ball 1-0: Bunted foul 1-1: Ball 2-1: Ground out 3-1 (Groundball, 34S, EV 81.9 MPH)
|
|
Batting: RHB Ben Glavich
|
0-0: Ball 1-0: Called Strike 1-1: Ball 2-1: Ball 3-1: Fly out, F9 (Flyball, 89D, EV 102.5 MPH)
|
|
Batting: RHB Chris Miller
|
0-0: Called Strike 0-1: Fly out, F7 (Flyball, 78XD, EV 100.0 MPH)
|
| Top of the 2nd over - 0 runs, 0 hits, 0 errors, 0 left on base; Quad Cities 2 - Greenville 2 |
| BOTTOM OF THE 2ND |
|
Greenville Drive batting - Pitching for Quad Cities River Bandits : LHP Jimmy Edlin
|
|
Batting: LHB Jarrett Mordecai
|
0-0: Called Strike 0-1: Foul Ball, location: 2F 0-2: Ball 1-2: Strikes out swinging
|
|
Batting: RHB Tommy Boudreaux
|
0-0: Called Strike 0-1: Foul Ball, location: 2F 0-2: Ground out 4-3 (Groundball, 4S, EV 84.4 MPH)
|
|
Batting: RHB Erik Nunez
|
0-0: Foul Ball, location: 2F 0-1: Ball 1-1: Foul Ball, location: 2F 1-2: Foul Ball, location: 9LSF, Error on foul ball, E9 1-2: Fly out, F7 (Flyball, 7, EV 87.5 MPH)
|
| Bottom of the 2nd over - 0 runs, 0 hits, 1 error, 0 left on base; Quad Cities 2 - Greenville 2 |
| TOP OF THE 3RD |
|
Quad Cities River Bandits batting - Pitching for Greenville Drive : LHP Will Sledge
|
|
Batting: RHB Ben Hoffman
|
0-0: Called Strike 0-1: Foul Ball, location: 2F 0-2: Ball 1-2: Strikes out swinging
|
|
Batting: RHB Colin Cranford
|
0-0: Foul Ball, location: 2F 0-1: Foul Ball, location: 2F 0-2: Strikes out swinging
|
|
Batting: LHB Angelo Vasquez
|
0-0: Called Strike 0-1: Called Strike 0-2: Ball 1-2: Fly out, F7 (Flyball, 7D, EV 98.1 MPH)
|
| Top of the 3rd over - 0 runs, 0 hits, 0 errors, 0 left on base; Quad Cities 2 - Greenville 2 |
| BOTTOM OF THE 3RD |
|
Greenville Drive batting - Pitching for Quad Cities River Bandits : LHP Jimmy Edlin
|
|
Batting: LHB Sergio Tinoco
|
0-0: Swinging Strike 0-1: Ground out 4-3 (Groundball, 4, EV 84.4 MPH)
|
|
Batting: RHB John Chiesa
|
0-0: Called Strike 0-1: Ball 1-1: Foul Ball, location: 2F 1-2: Strikes out swinging
|
|
Batting: RHB Adugna Chandu
|
0-0: Ground out 3-1 (Groundball, 34, EV 84.4 MPH)
|
| Bottom of the 3rd over - 0 runs, 0 hits, 0 errors, 0 left on base; Quad Cities 2 - Greenville 2 |
| TOP OF THE 4TH |
|
Quad Cities River Bandits batting - Pitching for Greenville Drive : LHP Will Sledge
|
|
Batting: RHB Joe Cook
|
0-0: SINGLE (Flyball, 56D, EV 88.8 MPH)
|
|
Batting: RHB Steve Moore
|
0-0: Called Strike 0-1: Fielders Choice at 2nd, 5-4 (Groundball, 56, EV 108.1 MPH)
|
|
Batting: SHB Chris Keziah
|
0-0: Ball 1-0: Called Strike 1-1: Foul Ball, location: 2F 1-2: Ball 2-2: Foul Ball, location: 2F 2-2: Strikes out swinging
|
|
Batting: LHB Kelvin Jones
|
0-0: Called Strike 0-1: Swinging Strike 0-2: Strikes out looking
|
| Top of the 4th over - 0 runs, 1 hit, 0 errors, 1 left on base; Quad Cities 2 - Greenville 2 |
| BOTTOM OF THE 4TH |
|
Greenville Drive batting - Pitching for Quad Cities River Bandits : LHP Jimmy Edlin
|
|
Batting: RHB Devon Fourcade
|
0-0: Called Strike 0-1: Ground out 5-3 (Groundball, 56, EV 98.8 MPH)
|
|
Batting: RHB Paul Long
|
0-0: Ball 1-0: Ball 2-0: Called Strike 2-1: Ball 3-1: Fly out, F7 (Flyball, 7LD, EV 96.2 MPH)
|
|
Batting: RHB Dan Friess
|
0-0: Called Strike 0-1: Ball 1-1: Called Strike 1-2: SINGLE (Groundball, 34D, EV 96.9 MPH)
|
|
Batting: LHB Jarrett Mordecai
|
0-0: Called Strike 0-1: Swinging Strike 0-2: Fly out, F9 (Line Drive, 9, EV 90.6 MPH)
|
| Bottom of the 4th over - 0 runs, 1 hit, 0 errors, 1 left on base; Quad Cities 2 - Greenville 2 |
| TOP OF THE 5TH |
|
Quad Cities River Bandits batting - Pitching for Greenville Drive : LHP Will Sledge
|
|
Batting: RHB Ben Glavich
|
0-0: Swinging Strike 0-1: Foul Ball, location: 2F 0-2: Foul Ball, location: 2F 0-2: Ball 1-2: Strikes out swinging
|
|
Batting: RHB Chris Miller
|
0-0: Called Strike 0-1: Called Strike 0-2: Strikes out swinging
|
|
Batting: RHB Ben Hoffman
|
0-0: Ground out U3 (Groundball, 3S, EV 74.4 MPH)
|
| Top of the 5th over - 0 runs, 0 hits, 0 errors, 0 left on base; Quad Cities 2 - Greenville 2 |
| BOTTOM OF THE 5TH |
|
Greenville Drive batting - Pitching for Quad Cities River Bandits : LHP Jimmy Edlin
|
|
Batting: RHB Tommy Boudreaux
|
0-0: SINGLE (Groundball, 4M, EV 107.5 MPH) (infield hit)
|
|
Batting: RHB Erik Nunez
|
0-0: Ball 1-0: Foul Ball, location: 2F 1-1: Ball 2-1: Grounds into double play, 5-4-3 (Groundball, 56S, EV 85.6 MPH)
|
|
Batting: LHB Sergio Tinoco
|
0-0: Ball 1-0: Called Strike 1-1: Ball 2-1: Fly out, F7 (Flyball, 78M, EV 93.8 MPH)
|
| Bottom of the 5th over - 0 runs, 1 hit, 0 errors, 0 left on base; Quad Cities 2 - Greenville 2 |
| TOP OF THE 6TH |
|
Quad Cities River Bandits batting - Pitching for Greenville Drive : LHP Will Sledge
|
|
Batting: RHB Colin Cranford
|
0-0: Foul Ball, location: 2F 0-1: Ball 1-1: Called Strike 1-2: Foul Ball, location: 2F 1-2: Ball 2-2: Ground out 5-3 (Groundball, 56S, EV 75.6 MPH)
|
|
Batting: LHB Angelo Vasquez
|
0-0: Ball 1-0: Foul Ball, location: 2F 1-1: Ground out U3 (Groundball, 34S, EV 68.1 MPH)
|
|
Batting: RHB Joe Cook
|
0-0: Ball 1-0: Ball 2-0: Ball 3-0: Foul Ball, location: 2F 3-1: Foul Ball, location: 2F 3-2: Strikes out looking
|
| Top of the 6th over - 0 runs, 0 hits, 0 errors, 0 left on base; Quad Cities 2 - Greenville 2 |
| BOTTOM OF THE 6TH |
|
Greenville Drive batting - Pitching for Quad Cities River Bandits : LHP Jimmy Edlin
|
|
Batting: RHB John Chiesa
|
0-0: Called Strike 0-1: Foul Ball, location: 2F 0-2: Ball 1-2: Ball 2-2: Strikes out swinging
|
|
Batting: RHB Adugna Chandu
|
0-0: Ball 1-0: Called Strike 1-1: Ball 2-1: DOUBLE (Groundball, 5L, EV 95.0 MPH)
|
|
Pinch Runner at 2nd David Clark:
|
|
|
Batting: RHB Devon Fourcade
|
0-0: 2-RUN HOME RUN (Flyball, 7LD, EV 100.0 MPH), Distance : 365 ft
|
|
Batting: RHB Paul Long
|
0-0: Called Strike 0-1: Ball 1-1: Ball 2-1: Ball 3-1: Base on Balls
|
|
Batting: RHB Dan Friess
|
0-0: Ball 1-0: Foul Ball, location: 2F 1-1: Ball 2-1: 2-RUN HOME RUN (Flyball, 9D, EV 97.5 MPH), Distance : 383 ft
|
|
Pitching: RHP Chris Miles
|
|
|
Batting: LHB Jarrett Mordecai
|
0-0: Ground out 4-3 (Groundball, 4, EV 81.9 MPH)
|
|
Batting: RHB Tommy Boudreaux
|
0-0: SINGLE (Groundball, 6MD, EV 94.4 MPH)
|
|
Batting: RHB Erik Nunez
|
0-0: Ball 1-0: Foul Ball, location: 2F 1-1: Hit by Pitch Tommy Boudreaux to second
|
|
Batting: LHB Sergio Tinoco
|
0-0: Ball 1-0: SINGLE (Groundball, 4M, EV 101.2 MPH) (infield hit) Tommy Boudreaux to third Erik Nunez to second
|
|
Batting: RHB John Chiesa
|
0-0: Called Strike 0-1: Ball 1-1: Foul Ball, location: 2F 1-2: Ball 2-2: SINGLE (Flyball, 3D, EV 93.8 MPH) Tommy Boudreaux scores Erik Nunez to third Sergio Tinoco to second Runner from 3rd tries for Home, SAFE, throw by RF to home
|
|
Batting: RHB David Clark
|
0-0: Called Strike 0-1: Ball 1-1: Foul Ball, location: 2F 1-2: Fly out, F7 (Line Drive, 7, EV 90.6 MPH)
|
| Bottom of the 6th over - 6 runs, 6 hits, 0 errors, 2 left on base; Quad Cities 2 - Greenville 8 |
| TOP OF THE 7TH |
|
Quad Cities River Bandits batting - Pitching for Greenville Drive : LHP Will Sledge
|
|
Now at SS: Tommy Boudreaux
|
|
|
Now in RF: David Clark
|
|
|
Batting: RHB Steve Moore
|
0-0: Called Strike 0-1: Called Strike 0-2: Strikes out swinging
|
|
Pitching: LHP Dave Martin
|
|
|
Batting: SHB Chris Keziah
|
0-0: Called Strike 0-1: Ball 1-1: Ball 2-1: Foul Ball, location: 2F 2-2: SOLO HOME RUN (Flyball, 7D, EV 103.8 MPH), Distance : 397 ft
|
|
Batting: LHB Kelvin Jones
|
0-0: Swinging Strike 0-1: Foul Ball, location: 2F 0-2: Ball 1-2: Strikes out swinging
|
|
Batting: RHB Ben Glavich
|
0-0: Ball 1-0: Foul Ball, location: 2F 1-1: Called Strike 1-2: Strikes out swinging
|
| Top of the 7th over - 1 run, 1 hit, 0 errors, 0 left on base; Quad Cities 3 - Greenville 8 |
| BOTTOM OF THE 7TH |
|
Greenville Drive batting - Pitching for Quad Cities River Bandits : RHP Chris Miles
|
|
Batting: RHB Devon Fourcade
|
0-0: Foul Ball, location: 2F 0-1: Foul Ball, location: 2F 0-2: Strikes out swinging
|
|
Batting: RHB Paul Long
|
0-0: Called Strike 0-1: Ball 1-1: Swinging Strike 1-2: Foul Ball, location: 2F 1-2: Ball 2-2: Ball 3-2: Base on Balls
|
|
Batting: RHB Dan Friess
|
0-0: Called Strike 0-1: Foul Ball, location: 2F 0-2: Foul Ball, location: 2F 0-2: Ball 1-2: Fly out, F3 (Popup, 23F, EV 91.2 MPH)
|
|
Batting: LHB Jarrett Mordecai
|
0-0: Fly out, F8 (Flyball, 8RD, EV 101.9 MPH)
|
| Bottom of the 7th over - 0 runs, 0 hits, 0 errors, 1 left on base; Quad Cities 3 - Greenville 8 |
| TOP OF THE 8TH |
|
Quad Cities River Bandits batting - Pitching for Greenville Drive : LHP Dave Martin
|
|
Batting: RHB Chris Miller
|
0-0: Called Strike 0-1: Ball 1-1: Ball 2-1: Ground out 4-3 (Groundball, 4, EV 89.4 MPH)
|
|
Batting: RHB Ben Hoffman
|
0-0: Swinging Strike 0-1: Ball 1-1: Foul Ball, location: 2F 1-2: Strikes out swinging
|
|
Batting: RHB Colin Cranford
|
0-0: Ball 1-0: Called Strike 1-1: Foul Ball, location: 2F 1-2: Fly out, F8 (Flyball, 8LM, EV 98.8 MPH)
|
| Top of the 8th over - 0 runs, 0 hits, 0 errors, 0 left on base; Quad Cities 3 - Greenville 8 |
| BOTTOM OF THE 8TH |
|
Greenville Drive batting - Pitching for Quad Cities River Bandits : RHP Chris Miles
|
|
Batting: RHB Tommy Boudreaux
|
0-0: SINGLE (Line Drive, 89S, EV 100.0 MPH)
|
|
Batting: RHB Erik Nunez
|
0-0: Called Strike 0-1: Swinging Strike 0-2: Foul Ball, location: 2F 0-2: Ball 1-2: Grounds into double play, 4-6-3 (Groundball, 34, EV 105.0 MPH)
|
|
Batting: LHB Sergio Tinoco
|
0-0: SINGLE (Groundball, 4MD, EV 98.8 MPH)
|
|
Pitching: RHP Arsène Serre
|
|
|
Batting: RHB John Chiesa
|
0-0: Ball 1-0: Ball 2-0: Ground out 5-3 (Groundball, 56S, EV 83.8 MPH)
|
| Bottom of the 8th over - 0 runs, 2 hits, 0 errors, 1 left on base; Quad Cities 3 - Greenville 8 |
| TOP OF THE 9TH |
|
Quad Cities River Bandits batting - Pitching for Greenville Drive : LHP Dave Martin
|
|
Batting: LHB Angelo Vasquez
|
0-0: Called Strike 0-1: Ball 1-1: Ball 2-1: Ball 3-1: Base on Balls
|
|
Batting: RHB Joe Cook
|
0-0: Called Strike 0-1: Swinging Strike 0-2: Strikes out swinging
|
|
Batting: RHB Steve Moore
|
0-0: Ball 1-0: Ball 2-0: Ball 3-0: Base on Balls Angelo Vasquez to second
|
|
Pitching: RHP Cameron Williams
|
|
|
Batting: SHB Chris Keziah
|
0-0: Called Strike 0-1: Ball 1-1: Ball 2-1: Foul Ball, location: 2F 2-2: Strikes out swinging
|
|
Batting: LHB Kelvin Jones
|
0-0: Called Strike 0-1: Ball 1-1: SINGLE (Flyball, 8LS, EV 95.0 MPH) Angelo Vasquez to third Steve Moore to second
|
|
Batting: RHB Ben Glavich
|
0-0: Called Strike 0-1: Called Strike 0-2: Strikes out looking
|
| Top of the 9th over - 0 runs, 1 hit, 0 errors, 3 left on base; Quad Cities 3 - Greenville 8 |
|